AoeStats
← Melodies of Life

Black Forest

510625348Analyzed
4v4 RM · 1d ago on Oct 1, 2026· 44m 44s· 8 players
Game mode
Random Map
Map size
Large (8 player)
Population
200
Speed
Normal
Resources
Standard
Victory
Conquest
Starting age
Dark Age
Ending age
Imperial Age
RankedLock teamsTeams togetherTeam positionsShared explorationLock speedFull tech treeHidden civsTurbo modeCheats
Victory
Defeat
🇹🇼 Bengalis · Taiwan
1504
+13
🇨🇴 Cumans · Colombia
1475
+14
🇩🇪 Vikings · Germany
1363
+18
🇻🇳 Poles · Vietnam
1294
+21
🇵🇪 Saracens · Peru
1452
-18
🇪🇸 Magyars · Spain
1414
-16
🇺🇸 Jurchens · United States
1409
-16
🇵🇪 Mongols · Peru
1397
-16
DMenisDenisTTV
0:27 Loom
14:15 Feudal Age
Comend x comend
1:09 Loom
11:37 Feudal Age
12:26 Double-Bit Axe
15:51 Castle Age
18:19 Horse Collar
18:37 Gold Mining
31:35 Imperial Age
29:21 Fletching
30:44 Gold Shaft Mining
30:44 Padded Archer Armor
KLIKELIN
4:54 Loom
10:39 Feudal Age
14:20 Castle Age
12:59 Horse Collar
13:11 Double-Bit Axe
15:40 Bow Saw
24:05 Wheelbarrow
24:39 Heavy Plow
26:06 Gold Mining
26:07 Stone Mining
26:48 Hand Cart
27:00 Fletching
31:41 Imperial Age
30:17 Ballistics
31:01 Gold Shaft Mining
33:17 Conscription
33:03 Husbandry
33:14 Bloodlines
33:02 Bodkin Arrow
33:08 Padded Archer Armor
32:35 Elite Mameluke
33:34 Light Cavalry
36:42 Two-Man Saw
39:09 Hussar
40:40 Forging
40:33 Bracer
40:44 Forging
40:40 Scale Barding Armor
Bydonn1256
5:17 Loom
10:56 Feudal Age
15:50 Castle Age
15:32 Gold Mining
15:40 Horse Collar
15:47 Double-Bit Axe
16:56 Bloodlines
16:46 Husbandry
24:08 Scale Barding Armor
26:31 Chain Barding Armor
29:46 Wheelbarrow
29:31 Heavy Plow
33:37 Bow Saw
37:19 Imperial Age
35:05 Hand Cart
35:05 Bow Saw
35:11 Town Watch
35:28 Light Cavalry
37:22 Fletching
37:46 Masonry
37:26 Treadmill Crane
38:06 Town Patrol
39:36 Plate Barding Armor
38:38 Cavalier
40:45 Hoardings
40:56 Masonry
41:31 Conscription
42:26 Hussar
Tortuga
4:16 Loom
10:00 Feudal Age
12:16 Double-Bit Axe
12:45 Horse Collar
21:03 Wheelbarrow
21:18 Gold Mining
22:09 Scale Barding Armor
22:14 Forging
24:08 Castle Age
22:03 Stone Mining
25:48 Chain Barding Armor
26:03 Iron Casting
25:58 Bloodlines
26:09 Heavy Plow
28:40 Bow Saw
32:44 Hand Cart
35:49 Imperial Age
34:36 Gold Shaft Mining
34:13 Town Watch
35:15 Light Cavalry
36:15 Caravan
35:50 Cavalier
36:54 Conscription
37:37 Two-Man Saw
37:08 Crop Rotation
37:16 Plate Barding Armor
37:53 Blast Furnace
37:27 Paladin
Shou
5:31 Loom
11:43 Feudal Age
12:33 Horse Collar
12:38 Double-Bit Axe
18:50 Castle Age
19:54 Bow Saw
19:48 Heavy Plow
21:46 Wheelbarrow
27:06 Hand Cart
27:29 Town Watch
27:48 Gold Mining
28:36 Padded Archer Armor
29:06 Forging
32:04 Imperial Age
30:32 Gold Shaft Mining
29:51 Stone Mining
30:36 Caravan
31:34 Leather Archer Armor
31:54 Iron Casting
32:24 Paiks
33:08 Ballistics
33:01 Masonry
33:53 Chemistry
33:03 Masonry
33:00 Siege Engineers
32:17 Siege Elephant
34:50 Two-Man Saw
34:21 Crop Rotation
34:16 Conscription
33:17 Elite Ratha (Ranged)
34:09 Bloodlines
33:59 Husbandry
34:32 Ring Archer Armor
35:03 Blast Furnace
33:54 Fletching
34:44 Ring Archer Armor
34:32 Town Patrol
35:17 Bodkin Arrow
36:29 Bracer
37:29 Blast Furnace
36:39 Scale Barding Armor
36:48 Fervor
37:10 Architecture
38:30 Fortified Wall
38:16 Murder Holes
41:06 Mahayana
Ryan Lunzen
0:53 Loom
10:45 Feudal Age
15:33 Castle Age
14:30 Horse Collar
14:55 Double-Bit Axe
17:28 Bow Saw
18:04 Heavy Plow
23:10 Scale Mail Armor
23:20 Forging
23:12 Fletching
24:34 Ballistics
24:14 Bodkin Arrow
25:21 Murder Holes
25:39 Scale Mail Armor
26:48 Masonry
30:22 Imperial Age
28:24 Forging
28:41 Treadmill Crane
29:22 Squires
29:08 Arson
29:37 Gold Mining
32:13 Chemistry
32:55 Conscription
32:04 Elite Skirmisher
33:16 Bracer
33:17 Padded Archer Armor
32:59 Elite Berserk
35:36 Chemistry
34:55 Leather Archer Armor
40:16 Siege Engineers
40:41 Architecture
40:46 Ring Archer Armor
40:32 Chain Mail Armor
40:52 Iron Casting
39:59 Pikeman
41:05 Chieftains
40:26 Elite Berserk
41:30 Conscription
42:33 Two-Man Saw
42:40 Elite Berserk
44:14 Plate Mail Armor
44:44 Blast Furnace
Melodies of Life
0:48 Loom
10:24 Feudal Age
11:39 Double-Bit Axe
12:41 Horse Collar
14:12 Bloodlines
19:20 Castle Age
20:36 Wheelbarrow
19:51 Light Cavalry
20:38 Scale Barding Armor
20:56 Bow Saw
20:47 Heavy Plow
25:30 Hand Cart
28:46 Imperial Age
26:57 Husbandry
27:35 Stone Mining
29:23 Chain Barding Armor
31:07 Forging
30:19 Cavalier
33:32 Iron Casting
32:50 Fletching
33:22 Ballistics
33:33 Bodkin Arrow
34:43 Chemistry
33:50 Gold Mining
34:24 Scale Mail Armor
34:47 Conscription
35:29 Chain Mail Armor
35:58 Bracer
35:43 Treadmill Crane
36:14 Masonry
36:39 Crop Rotation
40:31 Plate Mail Armor
Connection lost

Rejoining the realm…

Still unreachable

The connection could not be restored.

Session expired

The server has moved on; the page needs a fresh start.